 Dungeon Crawl Stone Soup version 0.29-a0-330-g52719c12eb (webtiles) character file.

Game seed: 6926174574954483691

58 dolemite99 the Twirler (level 3, 0/28 HPs)
             Began as a Demonspawn Gladiator on Apr 12, 2022.
             Succumbed to a gnoll's poison
             ... on level 1 of the Dungeon.
             The game lasted 00:01:14 (2443 turns).

dolemite99 the Twirler (Demonspawn Gladiator)       Turns: 2443, Time: 00:01:15

Health: 0/28       AC:  5    Str: 16    XL:     3   Next: 76%
Magic:  3/3        EV: 11    Int:  9    God:
Gold:   37         SH:  0    Dex: 14    Spells: 2/2 levels left

rFire   . . .      SeeInvis .   a - +0 quarterstaff
rCold   . . .      Faith    .   (shield currently unavailable)
rNeg    . . .      Spirit   .   g - +0 ring mail
rPois   .          Reflect  .   (helmet restricted)
rElec   .          Harm     .   (no cloak)
rCorr   .          Rampage  .   (no gloves)
Will    .....                   (no boots)
Stlth   +.........              (no amulet)
HPRegen 0.09/turn               (no ring)
MPRegen 0.08/turn               (no ring)

@: lethally poisoned (0 -> -13)
A: antennae 1
a: no special abilities


You were on level 1 of the Dungeon.
You visited 1 branch of the dungeon, and saw 2 of its levels.

You collected 37 gold pieces.

Inventory:

Hand Weapons
 a - a +0 quarterstaff (weapon)
Missiles
 e - a javelin (quivered)
 i - 41 stones
Armour
 b - a +0 leather armour
 c - a +0 helmet
 g - a +0 ring mail (worn)
Scrolls
 f - a scroll of teleportation {unknown}
 h - a scroll of enchant armour {unknown}
 j - a scroll of magic mapping {unknown}
 k - a scroll of immolation {unknown}
 l - a scroll of identify {unknown}
Potions
 m - a potion of mutation {unknown}


   Skills:
 + Level 2.6 Fighting
 + Level 3.1 Staves
 + Level 2.4 Throwing
 + Level 3.1 Dodging


You had 2 spell levels left.
You didn't know any spells.
Your spell library contained the following spells:

 Spells                   Type           Power      Damage    Failure   Level
 Alistair's Intoxication  Tmut/Pois      0%         N/A       100%        5
 Borgnjor's Vile Clutch   Necr/Erth      0%         N/A       100%        5
 Eringya's Noxious Bog    Tmut/Pois      0%         N/A       100%        6


Dungeon Overview and Level Annotations

Branches:
Dungeon (2/15)

Altars:


Innate Abilities, Weirdness & Mutations

You have a pair of small antennae on your head.


Message History

There is a stone staircase leading up here.
You see here a +0 short sword.
You start waiting.
A gnoll is nearby!
There is a stone staircase leading up here.
Throw: 3 throwing nets
Press: ? - help, Q - select action, (/) - cycle Shift-Dir - straight line, f - gnoll
Aim: a gnoll, wielding a +2 halberd of venom (64% to hit)
You throw a throwing net.
The throwing net barely misses the gnoll.
The gnoll hits you from afar with a +2 halberd of venom.
You are poisoned.
Throw: 2 throwing nets
Press: ? - help, Q - select action, (/) - cycle Shift-Dir - straight line, f/p - gnoll
Aim: a gnoll, wielding a +2 halberd of venom (64% to hit)
You throw a throwing net.
The throwing net barely misses the gnoll.
You feel very sick. The gnoll misses you.
Throw: throwing net
Press: ? - help, Q - select action, (/) - cycle Shift-Dir - straight line, f/p - gnoll
Aim: a gnoll, wielding a +2 halberd of venom (64% to hit)
You throw a throwing net.
The throwing net barely misses the gnoll.
You feel sick. The gnoll closely misses you.
Okay, then.
You feel sick.
You feel sick.
You feel sick.
You feel sick.
You feel sick.
You feel sick.
There is a stone staircase leading up here.
You feel sick.
You are no longer poisoned.
The gnoll hits you from afar with a +2 halberd of venom!
* * * LOW HITPOINT WARNING * * *
You are lethally poisoned!
You climb upwards.
You die...

..####.....####...##### ..#
###.####.......# ..#
#............# .###
######.......# ...# #.....###
.#.# ########.#...###
.#.###..............###
.......######.##......# #
.#.##########.##@##.#.# ######
##.# #.........#....######.....
...# #.##..................####
#### #.##.#####.#...#####..# ## #
##.##.# #.....#####..# #. #
#...#.# #.....)......# #. #
#...#.# #..##.##.##.####. ####
#...#.#####..).............
...####...#........#)##..........


There were no monsters in sight!

Vanquished Creatures
  A gnoll (D:1)
  An adder (D:2)
  A worm (D:2)
  2 dart slugs (D:1)
  3 ball pythons (D:1)
  2 endoplasms (D:1)
  A giant cockroach (D:1)
  3 goblins (D:1)
  A hobgoblin (D:1)
  3 jackals (D:1)
  2 quokkas
  4 bats (D:1)
  4 kobolds
  3 rats (D:1)
31 creatures vanquished.

Notes
Turn   | Place    | Note
-------+----------+-------------------------------------------
     0 | D:1      | dolemite99 the Demonspawn Gladiator began the quest for the
                  | Orb.
     0 | D:1      | Reached XP level 1. HP: 16/16 MP: 1/1
   496 | D:1      | Gained mutation: You have a pair of small antennae on your
                  | head. [demonic ancestry]
   496 | D:1      | Reached XP level 2. HP: 15/22 MP: 2/2
  1192 | D:1      | Reached XP level 3. HP: 21/28 MP: 3/3
  2443 | D:1      | Succumbed to a gnoll's poison

Illustrated notes

Levels and vault maps discovered:
D:1:      scummos_arrival_simple_crosswalls, layout_loops_cross
D:2:      layout_basic, dilly_ecumenical_altar_fadedgnrine, minmay_tromino_i4

Skill      XL: |  1  2 |
---------------+-------+-----
Throwing       | 2 |  2.4
Dodging        | 3 |  3.1
Staves         | 3 |  3.1
Fighting       | |  2.6

Action                   || total
-------------------------++-------
Melee: Quarterstaff      ||    81
Throw: Throwing net      ||     3
Armor: Leather armour    ||    12
       Ring mail         ||    23
Dodge: Dodged            ||    50

Table legend: (Time is in decaauts)
 A = Elapsed time spent in this place.
 B = Non-inter-level travel time spent in this place.
 C = Inter-level travel time spent in this place.
 D = Time resting spent in this place.
 E = Time spent auto-exploring this place.
 F = Levels seen in this place.
 G = Mean time per level.
                   A        B        C        D        E       F      G
               +--------+--------+--------+--------+--------+-----+--------+
         Total |   2455 |   2330 |    125 |   1279 |    793 |   2 | 1227.5 |
       Dungeon |   2455 |   2330 |    125 |   1279 |    793 |   2 | 1227.5 |
               +--------+--------+--------+--------+--------+-----+--------+

Top non-repeatable levels by time:
     D:1: 1807 daAuts
     D:2: 648 daAuts
